 Dungeon Sprint DCSS version 0.26-a0-712-ga5a9c9c9d0 (webtiles) character file.

Game seed: 11738077117514151906

22008 sahdkjhfkaj the Apostle (level 12, -1/124 HPs)
             Began as a Hill Orc Monk on Oct 31, 2020.
             Was a High Priest of Beogh.
             Slain by an orc knight
             ... wielding a +0 long sword
              (6 damage)
             ... in the Dungeon (Sprint VII: "The Pits").
             The game lasted 00:10:17 (5487 turns).

sahdkjhfkaj the Apostle (Hill Orc Monk)             Turns: 5487, Time: 00:10:17

Health: -1/124     AC: 25    Str: 24    XL:     12   Next: 96%
Magic:  2/27       EV: 12    Int: 13    God:    Beogh [*****.]
Gold:   51         SH:  0    Dex: 13    Spells: 11/11 levels left

rFire    . . .     SeeInvis .   C - +4 war axe of Pestilence {freeze, Str+5 Int+3}
rCold    + . .     Faith    .   (no shield)
rNeg     . . .     Spirit   .   a - +2 plate armour
rPois    .         Reflect  .   v - +0 helmet
rElec    .         Harm     .   t - +0 cloak
rCorr    .         Rampage  .   u - +0 pair of gloves
MR       +....     NoTele   +   s - +0 pair of boots
Stlth    ..........             (no amulet)
HPRegen  0.30/turn              B - ring of protection from cold
MPRegen  0.20/turn              w - ring of protection from magic

@: no status effects
A: walk on water
a: Smiting, Recall Orcish Followers, Give Item to Named Follower, Renounce
Religion


You were in the Dungeon.
You worshipped Beogh.
Beogh was extremely pleased with you.
You visited 1 branch You collected 51 gold pieces.

Inventory:

Hand Weapons
 C - the +4 war axe of Pestilence (weapon) {freeze, Str+5 Int+3}
   (You found it in the Dungeon)

   It has been specially enchanted to freeze those struck by it, causing extra
   injury to most foes and up to half again as much damage against particularly
   susceptible opponents.
   It can also slow down cold-blooded creatures.
   It affects your strength (+5).
   It affects your intelligence (+3).
Armour
 a - a +2 plate armour (worn)
 s - a +0 pair of boots (worn)
 t - a +0 cloak (worn)
 u - a +0 pair of gloves (worn)
 v - a +0 helmet (worn)
Jewellery
 w - a ring of protection from magic (right hand)
 B - a ring of protection from cold (left hand)
Wands
 m - a wand of flame (14)
Scrolls
 h - a scroll of blinking {!r}
 j - 4 scrolls of remove curse {!r}
 k - 5 scrolls of amnesia {!r}
 l - 2 scrolls of summoning {!r}
 x - 4 scrolls of fear {!r}
 y - 2 scrolls of fog {!r}
 z - 2 scrolls of enchant armour {!r}
 A - a scroll of identify {!r}
Potions
 c - 7 potions of curing {!q}
 d - 9 potions of heal wounds {!q}
 e - 3 potions of haste {!q}
 f - 3 potions of magic {!q}
 g - 5 potions of berserk rage {!q}
 i - 2 potions of invisibility {!q}
 o - 2 potions of brilliance {!q}
 p - 2 potions of resistance {!q}
 q - 2 potions of stabbing {!q}
 r - 3 potions of mutation {!q}
 D - a potion of cancellation {!q}


   Skills:
 + Level 16.9 Fighting
 - Level 18.0 Axes
 + Level 15.5 Armour
 + Level 9.4 Dodging
 - Level 1.5 Stealth
 * Level 22.3 Invocations


You had 11 spell levels left.
You didn't know any spells.
Your spell library was empty.

Dungeon Overview and Level Annotations

Branches:
Dungeon (1/1)

Altars:
Ashenzari
Cheibriados
Dithmenos
Elyvilon
Fedhas
Gozag
Hepliaklqana
Kikubaaqudgha
Makhleb
Nemelex Xobeh
Okawaru
Qazlal
Ru
Sif Muna
Trog
Uskayaw
Vehumet
Wu Jian
Xom
Yredelemnul
Zin
The Shining One
Beogh
Jiyva
Lugonu


Message History

The yaktaur is severely wounded.
The yaktaur hits you.
* * * LOW HITPOINT WARNING * * *
You slice the yaktaur!! You freeze the yaktaur.
You kill the yaktaur!
Beogh accepts your kill.
You completely miss the orc knight.
The orc knight hits you with a +0 long sword.
* * * LOW HITPOINT WARNING * * *
You hit the orc knight but do no damage.
Unknown command.
You hit the orc knight but do no damage.
The orc knight hits you with a +0 long sword!!
* * * LOW HITPOINT WARNING * * *
You closely miss the orc knight.
Unknown command.
You slash the orc knight! You freeze the orc knight.
The orc knight is lightly wounded.
The orc knight hits you with a +0 long sword.
You die...

############
#_________.#
#_________.#
#_______...#######
##########'##.....
#.?(.')))'.##.....
##########.##.....
#.o.........'.....
#@#####'#####.....
#(#..#.....##.....
#.#))#####'#####'#
#)#))#.....##.....
#.#))#.....##.....
#.#[[###รท####.....
#)##'#.....##...<.
#.#........##.....
#.#........##.....


You could see an orc knight (strong).

Vanquished Creatures
  An orc warlord (D)
  3 ghouls (D)
  A black draconian (D)
  A vault guard (D)
  Erolcha (D)
  A merfolk avatar (D)
  A death yak (D)
  2 death knights (D)
  A two-headed ogre (D)
  A sun demon (D)
  A sixfirhy (D)
  A flayed ghost (D)
  A lindwurm (D)
  An orc knight (D)
  A cyclops (D)
  2 elephants (D)
  A molten gargoyle (D)
  A yaktaur (D)
  A kobold demonologist (D)
  A komodo dragon (D)
  A hellwing (D)
  A red devil (D)
  A hornet (D)
  4 blink frogs (D)
  A small abomination (D)
  A tarantella (D)
  5 redbacks (D)
  2 spriggans (D)
  6 yaks (D)
  A fire elemental (D)
  A water moccasin (D)
  A necrophage (D)
  An ice beast (D)
  A black bear (D)
  A centaur (D)
  A bullfrog (D)
  A scorpion (D)
  3 wights (D)
  A crimson imp (D)
  3 quasits (D)
  An orc priest (D)
  An iron imp (D)
  A worker ant (D)
  2 hell rats (D)
  An ufetubus (D)
  2 oozes (D)
  An adder zombie (D)
  2 adder skeletons (D)
  A leopard gecko (D)
  A bat (D)
  A bat skeleton (D)
  A goblin (D)
  A quokka simulacrum (D)
  A rat (D)
78 creatures vanquished.

Vanquished Creatures (collateral kills)
  An emperor scorpion (D)
  An unseen horror (D)
  A deep elf mage (D)
  An elephant (D)
  A black mamba (D)
  A guardian mummy (D)
  A hornet (D)
  4 blink frogs (D)
  A redback (D)
  A tarantella (D)
  A wraith (D)
  3 yaks (D)
  A necrophage (D)
  An ogre (D)
  An orc wizard (D)
  A worker ant (D)
  A hell rat (D)
  2 orcs (D)
24 creatures vanquished.

Vanquished Creatures (others)
  An orc warlord (D)
  An orc knight (D)
  An orc warrior (D)
  An orc priest (D)
  3 orc wizards (D)
  3 orcs (D)
10 creatures vanquished.

Grand Total: 112 creatures vanquished

Notes
Turn   | Place    | Note
-------+----------+-------------------------------------------
     0 | D        | sahdkjhfkaj the Hill Orc Monk began the quest for the Orb.
     0 | D        | Reached XP level 1. HP: 19/19 MP: 1/1
    23 | D        | Reached skill level 5 in Axes
    23 | D        | Reached skill level 1 in Armour
   521 | D        | Found a bloodstained altar of Trog.
   521 | D        | Found a shimmering blue altar of Sif Muna.
   521 | D        | Found a viscous altar of Jiyva.
   521 | D        | Found a hazy altar of Hepliaklqana.
   521 | D        | Found an opulent altar of Gozag.
   522 | D        | Found a glowing golden altar of the Shining One.
   522 | D        | Found a glowing silver altar of Zin.
   522 | D        | Found a basalt altar of Yredelemnul.
   522 | D        | Found a shimmering altar of Xom.
   522 | D        | Found an ornate altar of the Wu Jian Council.
   522 | D        | Found a sacrificial altar of Ru.
   522 | D        | Found a stormy altar of Qazlal.
   522 | D        | Found an iron altar of Okawaru.
   522 | D        | Found a sparkling altar of Nemelex Xobeh.
   522 | D        | Found a burning altar of Makhleb.
   522 | D        | Found a blossoming altar of Fedhas.
   522 | D        | Found a white marble altar of Elyvilon.
   522 | D        | Found a shadowy altar of Dithmenos.
   522 | D        | Found a snail-covered altar of Cheibriados.
   524 | D        | Found a radiant altar of Vehumet.
   524 | D        | Found a corrupted altar of Lugonu.
   524 | D        | Found a roughly hewn altar of Beogh.
   525 | D        | Found a hide-covered altar of Uskayaw.
   525 | D        | Found an ancient bone altar of Kikubaaqudgha.
   525 | D        | Found a broken altar of Ashenzari.
   532 | D        | Became a worshipper of Beogh the Brigand
   532 | D        | Reached * piety under Beogh
   532 | D        | Reached ** piety under Beogh
   569 | D        | Reached XP level 2. HP: 28/28 MP: 2/2
   684 | D        | Reached *** piety under Beogh
   706 | D        | Reached skill level 5 in Fighting
   706 | D        | Reached skill level 2 in Invocations
   706 | D        | Reached XP level 3. HP: 15/36 MP: 2/4
   712 | D        | Reached **** piety under Beogh
  1073 | D        | Noticed an ice beast
  1095 | D        | Reached skill level 3 in Invocations
  1095 | D        | Reached XP level 4. HP: 26/44 MP: 4/6
  1107 | D        | Killed an ice beast
  1107 | D        | Reached skill level 10 in Axes
  1107 | D        | Reached skill level 5 in Armour
  1107 | D        | Reached skill level 5 in Invocations
  1107 | D        | Reached XP level 5. HP: 14/52 MP: 5/9
  1116 | D        | Reached skill level 6 in Invocations
  1116 | D        | Reached XP level 6. HP: 17/60 MP: 3/10
  1345 | D        | Gained Bogwald as an ally
  1350 | D        | Reached ***** piety under Beogh
  1350 | D        | Reached skill level 7 in Invocations
  1622 | D        | Reached XP level 7. HP: 69/69 MP: 12/12
  1629 | D        | Reached skill level 8 in Invocations
  1651 | D        | Noticed a molten gargoyle
  1652 | D        | Killed a molten gargoyle
  1652 | D        | Reached skill level 10 in Fighting
  1652 | D        | Reached skill level 9 in Invocations
  1652 | D        | Reached XP level 8. HP: 79/79 MP: 13/15
  1958 | D        | Noticed a two-headed ogre
  1960 | D        | Killed a two-headed ogre
  1960 | D        | Reached skill level 15 in Axes
  1960 | D        | Reached skill level 11 in Invocations
  1964 | D        | Reached XP level 9. HP: 78/86 MP: 9/17
  2124 | D        | Reached ****** piety under Beogh
  2124 | D        | Reached skill level 12 in Invocations
  2124 | D        | Gained Ognian as an ally
  2126 | D        | Reached skill level 10 in Armour
  2137 | D        | Reached skill level 13 in Invocations
  2308 | D        | Noticed a hellwing
  2313 | D        | Killed a hellwing
  2319 | D        | Reached skill level 14 in Invocations
  2319 | D        | Reached XP level 10. HP: 39/97 MP: 14/20
  2541 | D        | Noticed a death knight
  2547 | D        | Killed a death knight
  2847 | D        | Reached skill level 15 in Invocations
  2850 | D        | Your ally Ognian died
  2868 | D        | Your ally Bogwald died
  3056 | D        | Noticed a lindwurm
  3057 | D        | Killed a lindwurm
  3057 | D        | Reached skill level 16 in Invocations
  3103 | D        | Noticed a kobold demonologist
  3104 | D        | Killed a kobold demonologist
  3151 | D        | Noticed Erolcha
  3151 | D        | Noticed an elephant
  3151 | D        | Noticed an elephant
  3151 | D        | Noticed an elephant
  3153 | D        | Killed Erolcha
  3153 | D        | Reached skill level 17 in Invocations
  3153 | D        | Reached XP level 11. HP: 108/108 MP: 19/23
  3164 | D        | Reached skill level 5 in Dodging
  3206 | D        | Noticed a cyclops
  3208 | D        | Killed an unseen horror
  3213 | D        | Reached skill level 18 in Invocations
  3220 | D        | Killed a cyclops
  3398 | D        | Noticed a death yak
  3407 | D        | Noticed a deep elf mage
  3412 | D        | Killed a deep elf mage
  3418 | D        | Killed a death yak
  3418 | D        | Reached skill level 19 in Invocations
  3715 | D        | Got the +4 war axe of Pestilence {freeze, Str+5 Int+3}
  3786 | D        | Noticed an emperor scorpion
  3803 | D        | Killed an emperor scorpion
  3803 | D        | Reached skill level 15 in Fighting
  4138 | D        | Noticed a merfolk avatar
  4150 | D        | Killed a merfolk avatar
  4402 | D        | Noticed a sun demon
  4410 | D        | Killed a sun demon
  4410 | D        | Reached skill level 20 in Invocations
  4410 | D        | Reached XP level 12. HP: 58/121 MP: 21/26
  4644 | D        | Noticed a ghoul
  4645 | D        | Noticed a ghoul
  4646 | D        | Noticed a ghoul
  4655 | D        | Killed a ghoul
  4660 | D        | Killed a ghoul
  4660 | D        | Gained Bogwik as an ally
  4666 | D        | Killed a ghoul
  4666 | D        | Reached skill level 21 in Invocations
  5058 | D        | Noticed a black draconian
  5065 | D        | Killed a black draconian
  5262 | D        | Noticed a death knight
  5264 | D        | Reached skill level 15 in Armour
  5266 | D        | Killed a death knight
  5385 | D        | Noticed an orc warlord
  5385 | D        | Noticed an orc warlord
  5385 | D        | Noticed a deep elf blademaster
  5387 | D        | Noticed an eidolon
  5388 | D        | Noticed a vault guard
  5395 | D        | Your ally Bogwik died
  5470 | D        | Killed an orc warlord
  5470 | D        | Reached skill level 22 in Invocations
  5475 | D        | Killed a vault guard
  5485 | D        | HP: 4/124 [orc knight/+0 long sword (31)]
  5487 | D        | Slain by an orc knight

Illustrated notes

Levels and vault maps discovered:
D:        pitsprint [storerooms_1, entrance_room_1, metal_vault_5, armoury_1,
          mini_pit_1, grid_room_1, main_hall_1, silver_pit, the_coven_1,
          the_vestibule_1, steel_vault_4, golden_pit, hallway_of_sentries,
          crystal_vault_6, iron_vault_1, final_vault]

Skill      XL: |  1  2  3  4  5  6  7  8  9 10 11 12 |
---------------+-------------------------------------+-----
Fighting       | 4 5 6 7 8 10 12 13 15 16 | 16.9
Axes           | 5 7 8 10 12 14 15 17 18 | 18.0
Armour         | 1 3 4 5 7 8 9 10 12 14 15 | 15.5
Invocations    | 2 3 5 6 7 9 11 14 17 20 22 | 22.3
Dodging        | 4 7 9 |  9.4
Stealth        | |  1.5

Action                   |  1- 3 |  4- 6 |  7- 9 | 10-12 || total
-------------------------+-------+-------+-------+-------++-------
Melee: Hand axe          |    56 |    41 |    14 |       ||   111
       War axe           |       |       |    36 |   126 ||   162
Invok: Smiting           |       |     3 |     7 |    51 ||    61
       Give Item to Name |       |       |     1 |       ||     1
  Use: Potion            |     1 |     1 |       |     3 ||     5
 Stab: Distracted        |       |     1 |     1 |       ||     2
Armor: Robe              |     9 |       |       |       ||     9
       Plate armour      |     8 |    16 |    38 |   111 ||   173
Dodge: Dodged            |    39 |     8 |    19 |    81 ||   147

Table legend: (Time is in decaauts)
 A = Elapsed time spent in this place.
 B = Non-inter-level travel time spent in this place.
 C = Inter-level travel time spent in this place.
 D = Time resting spent in this place.
 E = Time spent auto-exploring this place.
 F = Levels seen in this place.
 G = Mean time per level.
                   A        B        C        D        E       F      G
               +--------+--------+--------+--------+--------+-----+--------+
         Total |   5431 |   5208 |    223 |   4297 |      0 |   1 | 5431.0 |
       Dungeon |   5431 |   5208 |    223 |   4297 |      0 |   1 | 5431.0 |
               +--------+--------+--------+--------+--------+-----+--------+

Top non-repeatable levels by time:
       D: 5431 daAuts
